Map: Catalyst LE

Players

JackO

  • Race: Protoss Protoss
  • Spawn Location: 5:00

Maru - Winner!

  • Race: Terran Terran
  • Spawn Location: 11:00

Event: IEM Season 12 - Katowice

VOD

Have the link to the VOD?

Description

Time

  • Played on: Feb. 26, 2018, 4:24 a.m.
  • Length: 11:34

All games in this series

Show
View Real Time Build Order
Export as new Build Order

JackO Protoss 

Build Orders: 1 Gate Expand 

Get SALT Encoding   

  12  0:00  Probe  
  13  0:13  Probe  
  14  0:19  Pylon  
  14  0:25  Probe  
  15  0:37  Probe (Chrono Boost)  
  15  0:39  Gateway  
  16  0:44  Assimilator  
  16  0:47  Probe (Chrono Boost)  
  17  0:54  Probe  
  18  1:06  Probe  
  19  1:22  Nexus  
  19  1:26  Probe  
  20  1:37  Cybernetics Core  
  20  1:39  Probe  
  21  1:45  Assimilator  
  21  1:51  Probe  
  22  1:55  Pylon  
  22  2:03  Probe  
  23  2:11  Stalker (Chrono Boost)  
  23  2:14  Warp Gate  
  25  2:15  Probe (Chrono Boost)  
  26  2:27  Probe (Chrono Boost)  
  27  2:30  Robotics Facility  
  27  2:32  Probe (Chrono Boost)  
  28  2:40  Probe  
  29  2:45  Stalker (Chrono Boost)  
  31  2:52  Probe  
  31  2:53  Probe  
  33  3:04  Probe  
  33  3:05  Probe  
  35  3:11  Pylon  
  35  3:12  Stalker (Chrono Boost)  
  37  3:16  Probe  
  37  3:18  Probe  
  39  3:23  Immortal (Chrono Boost)  
  41  3:45  Probe x2  
  37  3:57  Probe  
  37  3:58  Probe, Gateway  
  37  3:59  Warp Prism (Chrono Boost), Gateway  
  42  4:10  Probe x2  
  43  4:17  Stalker  
  43  4:22  Probe x2  
  47  4:25  Observer (Chrono Boost)  
  47  4:26  Robotics Bay  
  48  4:31  Pylon  
  48  4:34  Probe  
  48  4:35  Probe  
  50  4:46  Probe  
  50  4:48  Observer  
  50  4:50  Probe  
  53  4:56  Assimilator x2  
  53  5:11  Disruptor (Chrono Boost)  
  53  5:12  Gravitic Drive (Chrono Boost)  
  53  5:16  Probe x2  
  53  5:19  Nexus  
  58  5:21  Pylon  
  58  5:23  Sentry  
  60  5:28  Probe  
  60  5:29  Probe  
  61  5:38  Shield Battery  
  61  5:40  Pylon  
  61  5:41  Probe x2, Disruptor (Chrono Boost)  
  63  5:45  Forge  
  66  5:50  Sentry  
  66  5:53  Probe x2  
  70  6:01  Pylon  
  70  6:05  Probe  
  70  6:06  Probe  
  70  6:07  Shield Battery  
  70  6:10  Pylon  
  72  6:14  Colossus (Chrono Boost)  
  78  6:19  Protoss Ground Armor Level 1 (Chrono Boost)  
  78  6:27  Probe x2  
  81  6:32  Probe  
  81  6:33  Extended Thermal Lance  
  81  6:39  Probe  
  82  6:40  Probe  
  82  6:45  Probe  
  82  6:46  Twilight Council  
  84  6:51  Probe  
  85  6:55  Probe  
  85  6:57  Probe  
  87  7:03  Probe  
  87  7:05  Zealot x3, Colossus (Chrono Boost)  
  87  7:07  Probe  
  101  7:21  Charge (Chrono Boost)  
  101  7:25  Probe, Gateway  
  101  7:27  Gateway  
  101  7:28  Probe  
  103  7:30  Gateway  
  103  7:32  Pylon  
  103  7:35  Pylon x2  
  103  7:37  Zealot  
  103  7:38  Zealot x2  
  109  7:47  Assimilator  
  109  7:49  Assimilator  
  109  7:50  Probe x2  
  111  7:53  Pylon  
  111  7:56  Pylon  
  111  8:04  Zealot x3  
  109  8:11  Protoss Ground Weapons Level 1 (Chrono Boost), Immortal (Chrono Boost)  
  102  8:24  Zealot x3  
  102  8:26  Zealot x3  
  109  8:47  Zealot x5  
  97  8:53  Immortal (Chrono Boost)  
  94  9:01  Zealot  
  100  9:07  Dark Shrine  
  100  9:08  Zealot x2  
  100  9:09  Zealot x3  
  102  9:30  Zealot x6  
  114  9:36  Templar Archives  
  114  9:52  Nexus  
  114  9:53  Pylon  
  114  10:06  Zealot x2  
  116  10:14  High Templar x4  
  116  10:19  Archon x2  
  116  10:26  Dark Templar x2  
  120  10:31  Immortal (Chrono Boost)  
  122  10:47  High Templar x2  
  126  10:53  Archon  
  121  11:07  Pylon  
  121  11:08  Pylon  
  121  11:09  Pylon  
  107  11:14  Dark Templar x2  
  61  11:25  Zealot x4  
Show
View Real Time Build Order
Export as new Build Order

Maru Terran - Winner!

Build Orders: Gas First Reaper Expand, Reaper Expand, MMM Bio 

Get SALT Encoding   

  12  0:00  SCV  
  13  0:12  SCV  
  14  0:17  Supply Depot  
  14  0:24  SCV  
  14  0:28  Refinery  
  15  0:39  SCV  
  16  0:45  Barracks  
  16  0:51  SCV  
  17  1:03  SCV  
  18  1:15  SCV  
  19  1:32  Reaper, Orbital Command  
  20  1:45  Command Center  
  20  1:55  Factory  
  20  1:58  SCV  
  21  2:03  Refinery  
  21  2:07  Barracks Reactor  
  21  2:10  SCV  
  22  2:15  Supply Depot  
  22  2:22  SCV  
  23  2:37  SCV  
  24  2:46  Hellion x2  
  24  2:51  SCV, Barracks Tech Lab  
  28  2:57  Orbital Command  
  29  3:07  Cyclone x2  
  36  3:14  Supply Depot  
  36  3:17  SCV  
  36  3:21  Marine  
  37  3:27  SCV  
  37  3:29  SCV  
  39  3:39  Cyclone, SCV  
  43  3:41  SCV  
  43  3:42  Marine  
  42  3:51  SCV  
  42  3:53  Cyclone, SCV  
  45  3:57  Barracks  
  45  4:03  SCV  
  45  4:04  Engineering Bay  
  45  4:05  SCV  
  45  4:09  Barracks  
  47  4:16  SCV  
  48  4:17  SCV  
  48  4:19  Supply Depot  
  48  4:23  Bunker  
  49  4:28  SCV  
  49  4:30  SCV  
  51  4:31  Terran Infantry Weapons Level 1  
  51  4:36  Factory Tech Lab  
  51  4:38  Marine  
  51  4:40  SCV  
  51  4:41  Supply Depot  
  51  4:42  SCV  
  54  4:52  SCV, Marine x2  
  54  4:53  Refinery  
  54  4:54  SCV  
  54  4:56  Siege Tank, Marine  
  54  4:57  Barracks Reactor  
  62  5:05  SCV  
  63  5:12  SCV  
  63  5:13  Marine x2  
  63  5:14  Barracks Tech Lab  
  63  5:17  SCV  
  63  5:21  Supply Depot  
  64  5:23  Starport  
  64  5:24  SCV, Barracks x2  
  65  5:28  Supply Depot  
  65  5:30  Siege Tank, Marine  
  65  5:34  SCV  
  70  5:40  Stimpack  
  71  5:42  SCV  
  71  5:44  Supply Depot, Marine x3  
  71  5:46  Marine  
  75  5:53  Supply Depot  
  75  5:54  Missile Turret  
  75  6:00  Starport Reactor  
  75  6:01  Refinery  
  75  6:03  Marine x3  
  78  6:08  Siege Tank  
  78  6:10  SCV  
  82  6:11  SCV  
  82  6:13  Barracks Tech Lab  
  82  6:14  Barracks Tech Lab  
  83  6:30  Terran Infantry Armor Level 1  
  83  6:31  Marine x2  
  83  6:32  Marine, Marauder  
  90  6:33  Marauder  
  90  6:35  Marauder  
  90  6:38  Medivac  
  94  6:43  Supply Depot  
  94  6:47  Marine  
  94  6:50  Siege Tank  
  97  7:00  Combat Shields  
  97  7:01  Supply Depot, Concussive Shells  
  97  7:04  Marine x2  
  97  7:05  Marine  
  102  7:08  Marauder  
  102  7:09  Marauder  
  104  7:18  Medivac, Marauder  
  107  7:25  Supply Depot  
  107  7:26  Marine x4  
  111  7:30  Supply Depot  
  111  7:31  Medivac  
  113  7:38  Siege Tank  
  113  7:42  Marauder  
  118  7:46  Marine  
  118  7:48  Supply Depot  
  119  8:03  Marine x2, Marauder  
  119  8:04  Marauder  
  120  8:06  Marine x2, Marauder  
  120  8:07  Medivac  
  119  8:18  Medivac  
  121  8:20  Marine  
  121  8:25  Marauder x2  
  126  8:27  Marine x2  
  126  8:28  Marauder  
  126  8:31  Marine  
  119  8:46  Marauder x2  
  119  8:48  Marine  
  111  8:49  Marauder  
  111  8:54  Marine  
  106  8:55  Viking x2  
  106  8:57  Siege Tank, Marine  
  114  9:07  Marauder, Armory  
  114  9:08  Marauder  
  114  9:09  Engineering Bay  
  118  9:11  Marauder  
  120  9:25  Viking x2  
  120  9:26  Supply Depot  
  120  9:29  Marauder x2  
  128  9:32  Marauder  
  130  9:49  Marine x2  
  130  9:50  Marauder  
  130  9:51  Marauder  
  136  9:53  Marauder  
  136  9:55  Viking x2  
  136  9:57  Siege Tank  
  143  10:13  Marine x2, Marauder x2  
  149  10:14  Supply Depot  
  149  10:15  Marauder  
  147  10:26  Orbital Command, Marine  
  147  10:27  Marine  
  149  10:35  Supply Depot  
  149  10:36  Marauder  
  151  10:51  Marine  
  151  10:52  Marauder x2  
  151  10:54  Marine  
  155  11:00  Marine  
  152  11:06  Missile Turret  
  152  11:10  Marine  
  147  11:11  Marine  
  147  11:13  Marine  

Tags
 
Add a new tag
Caveats
  • Supply blocks, unpowered buildings, or Contaminate may cause inaccurate times.
  • Supply counts are checked every 10 seconds.